 Dungeon Crawl Stone Soup version 0.31.0-32-g396128a36d (webtiles) character file.

Game seed: 9053739564943543011

483 Marvel the Chopper (level 7, -11/61 HPs)
             Began as a Hill Orc Fighter on Mar 24, 2024.
             Was an Initiate of Beogh.
             Mangled by an iguana (12 damage)
             ... while paralysed by Grinder
             ... on level 4 of the Dungeon.
             The game lasted 00:04:03 (3560 turns).

Marvel the Chopper (Hill Orc Fighter)               Turns: 3560, Time: 00:04:03

Health: -11/61     AC:  8    Str: 21    XL:     7   Next: 12%
Magic:  7/7        EV:  2    Int: 14    God:    Beogh [......]
Gold:   264        SH:  0    Dex: 13    Spells: 6/6 levels left

rFire   . . .        a - +0 war axe
rCold   . . .        c - +0 buckler
rNeg    . . .        b - +0 scale mail
rPois   .            (no helmet)
rElec   .            (no cloak)
rCorr   +            m - +0 pair of gloves
SInv    +            (no boots)
Will    .....        (no amulet) Stlth
                     u - ring "Wuahoiw" {^Drain rCorr Int+6 Dex+3 SInv}
HPRegen 0.30/turn    v - +5 ring of evasion
MPRegen 0.10/turn

%: no passive effects
@: paralysed
A: no striking features
a: Renounce Religion


You were on level 4 of the Dungeon.
You worshipped Beogh.
Beogh was noncommittal.
You visited 1 branch of the dungeon, and saw 4 of its levels.

You collected 264 gold pieces.

Inventory:

Hand Weapons
 a - a +0 war axe (weapon)
 f - a +0 sling of electrocution
 t - a +2 sling of flaming
Missiles
 j - 46 stones (quivered)
Armour
 b - a +0 scale mail (worn)
 c - a +0 buckler (worn)
 m - a +0 pair of gloves (worn)
Jewellery
 h - a ring of fire
 u - the ring "Wuahoiw" (left hand) {^Drain rCorr Int+6 Dex+3 SInv}
   (You found it on level 3 of the Dungeon)

   [ring of intelligence]

   Int+6:     It affects your intelligence (+6).
   Dex+3:     It affects your dexterity (+3).
   SInv:      It lets you see invisible.
   rCorr:     It protects you from acid and corrosion.
   ^Drain:    It drains your maximum health when unequipped.
 v - a +5 ring of evasion (right hand)
Talismans
 k - a beast talisman
Wands
 z - a wand of polymorph (10)
Scrolls
 e - 3 scrolls of identify {unknown}
 g - a scroll of blinking {unknown}
 n - a scroll of teleportation {unknown}
 q - 2 scrolls of fog {unknown}
 s - a scroll of vulnerability {unknown}
 w - a scroll of immolation {unknown}
 y - a scroll of torment {unknown}
 A - 2 scrolls of noise {unknown}
Potions
 d - 3 potions of might
 i - 2 potions of enlightenment {unknown}
 l - 2 potions of invisibility {unknown}
 o - a potion of brilliance {unknown}
 p - a potion of berserk rage {unknown}
 r - a potion of lignification {unknown}
 x - a potion of resistance {unknown}
 B - a potion of heal wounds {unknown}


   Skills:
 + Level 5.1 Fighting
 + Level 7.0 Axes
 + Level 5.0 Armour
 - Level 0.6 Dodging
 - Level 0.2 Stealth
 + Level 4.0 Shields


You had 6 spell levels left.
You didn't know any spells.
Your spell library contained the following spells:

 Spells                   Type           Power      Damage    Failure   Level
 Shock                    Conj/Air       0%         1d3       67%         1
 Swiftness                Air            0%         N/A       95%         3
 Airstrike                Air            0%         2d(0-16)  100%        4


Dungeon Overview and Level Annotations

Branches:
Dungeon (4/15)
 Temple: D:4-7

Altars:
Cheibriados

Annotations:
D:4 1 runed translucent door, Crazy Yiuf, Grinder


Message History

You slash Grinder!
Grinder is almost dead.
Grinder closely misses you.
You hit Grinder.
Grinder is almost dead.
You block Grinder's attack. Grinder barely misses you.
You closely miss Grinder.
Grinder is almost dead.
You block Grinder's attack.
You closely miss Grinder.
Grinder is almost dead.
Grinder blinks!
You hit the endoplasm.
The endoplasm is lightly wounded.
The endoplasm freezes you.
You are frozen.
You slash the endoplasm!
You kill the endoplasm!
Beogh accepts your kill. The white imp gestures at you.
The puff of frost hits you!
* * * LOW HITPOINT WARNING * * *
You slash the iguana!
The iguana is severely wounded.
Grinder blinks!
You block the iguana's attack.
You hit the iguana but do no damage.
The iguana is severely wounded.
Grinder gestures at you.
You suddenly lose the ability to move!
The white imp grins evilly.
The iguana bites you but does no damage.
The iguana bites you.
* * * LOW HITPOINT WARNING * * *
The iguana bites you!
* * * LOW HITPOINT WARNING * * *
Grinder gestures at you. Pain shoots through your body!
* * * LOW HITPOINT WARNING * * *
The iguana bites you!
You die...

##...#.##.###
#####.##.# #.....
####.## ## #########
#.# .. #.......# #.#
.####.. #.#####.#
##.## .....
#.#####.#####...##..#
#.##...........5@l5.#
#.##.##.#####...##.##
#.##.##.# ##.## .#
#.......# #.# .# #.#
####.#### #.# .. #.#
#.# ##+## ## ####.###
###.########...##
#......#
#...[....##.....##
#.##.#.#
#.#..###.#.......##
#..#.#.#


You could see Grinder, an iguana and a white imp.

Vanquished Creatures
  An ogre (D:4)
  2 scorpions (D:4)
  A bombardier beetle (D:4)
  A gnoll bouda (D:3)
  Robin (D:2)
  5 gnolls (D:4)
  4 adders
  A dart slug (D:4)
  3 ribbon worms
  An orc (D:3)
  6 bats
  8 endoplasms
  5 giant cockroaches
  14 goblins
  12 hobgoblins
  11 jackals
  8 kobolds
  3 quokkas
  11 ball pythons
  4 frilled lizards
  5 rats
107 creatures vanquished.

Notes
Turn   | Place    | Note
-------+----------+-------------------------------------------
     0 | D:1      | Marvel the Hill Orc Fighter began the quest for the Orb.
     0 | D:1      | Reached XP level 1. HP: 19/19 MP: 1/1
    99 | D:1      | Reached XP level 2. HP: 16/27 MP: 2/2
   148 | D:1      | Reached skill level 3 in Axes
   438 | D:1      | Reached XP level 3. HP: 27/33 MP: 3/3
   910 | D:2      | Noticed Robin
   929 | D:2      | Killed Robin
   930 | D:2      | Reached skill level 4 in Axes
   930 | D:2      | Reached XP level 4. HP: 12/40 MP: 4/4
  1923 | D:3      | Reached XP level 5. HP: 40/46 MP: 5/5
  2032 | D:3      | Reached skill level 5 in Axes
  2075 | D:3      | Identified the ring "Wuahoiw" {^Drain rCorr Int+6 Dex+3
                  | SInv}
  2379 | D:4      | Noticed an ogre
  2389 | D:4      | Killed an ogre
  2390 | D:4      | Reached XP level 6. HP: 11/53 MP: 6/6
  2593 | D:3      | Reached skill level 6 in Axes
  2966 | D:4      | Became a worshipper of Beogh the Brigand
  3131 | D:4      | Found a runed translucent door.
  3132 | D:4      | Noticed Crazy Yiuf
  3183 | D:4      | Found a snail-covered altar of Cheibriados.
  3195 | D:4      | Reached skill level 5 in Fighting
  3466 | D:4      | Reached skill level 7 in Axes
  3466 | D:4      | Reached skill level 5 in Armour
  3466 | D:4      | Reached XP level 7. HP: 53/61 MP: 7/7
  3538 | D:4      | Noticed Grinder
  3545 | D:4      | Paralysed by Grinder for 3 turns
  3558 | D:4      | Paralysed by Grinder for 4 turns
  3559 | D:4      | HP: 3/61 [iguana (8)]
  3560 | D:4      | HP: 1/61 [Grinder/nerve-wracking pain (3)]
  3560 | D:4      | Mangled by an iguana

Illustrated notes

Levels and vault maps discovered:
D:1:      elethiomel_arrival_infinity_welcomes_careful_drivers, layout_rooms,
          chequers_serial_rivers_small_a
D:2:      minmay_alternating_diamond, layout_basic, minivault_23, uniq_robin
D:3:      layout_basic, nicolae_wormholes
D:4:      layout_loops_corners, slow_altar_1, kennysheep_generic_room_13,
          uniq_grinder, uniq_crazy_yiuf_cottage

Skill      XL: |  1  2  3  4  5  6 |
---------------+-------------------+-----
Axes           | 3 4 5 7 |  7.0
Fighting       | 4 5 |  5.1
Armour         | 4 5 |  5.0
Shields        | 4 |  4.0
Dodging        | |  0.6
Stealth        | |  0.2

Action                     |  1- 3 |  4- 6 |  7- 9 || total
---------------------------+-------+-------+-------++-------
  Melee: War axe           |    88 |   179 |    17 ||   284
 Invoke: Convert to Beogh  |       |     1 |       ||     1
 Armour: Scale mail        |    84 |   121 |    13 ||   218
  Dodge: Dodged            |    52 |   110 |    10 ||   172
  Block: Buckler           |    31 |    50 |     5 ||    86
         Form:             |     1 |       |       ||     1
         Beast             |     1 |       |       ||     1
